 Dungeon Crawl Stone Soup version 0.17-a0-1522-g6c5b4ba (webtiles) character file.

35084 mrath the Thaumaturge (level 13, -2/107 HPs)
             Began as a Purple Draconian Earth Elementalist on July 14, 2015.
             Was a High Priest of Vehumet.
             Slain by a river rat (8 damage)
             ... on level 6 of the Lair of Beasts on July 15, 2015.
             The game lasted 07:52:47 (30009 turns).

mrath the Thaumaturge (DrEE)                       Turns: 30009, Time: 07:52:47

Health: -2/107     AC: 18    Str: 11    XL:     13   Next: 45%
Magic:  12/30      EV: 15    Int: 21    God:    Vehumet [*****.]
Gold:   1184       SH:  0    Dex: 11    Spells: 10 memorised, 4 levels left

rFire  + . .     SeeInvis .     F - staff of wizardry
rCold  x . .     Clarity  .     (armour unavailable)
rNeg   . . .     SustAt   .     (no shield)
rPois  .         Gourm    .     D - +2 hat
rElec  .         Spirit   .     (no cloak)
rCorr  .         Warding  .     O - +2 pair of gloves
rMut   .         Stasis   .     W - +2 pair of boots
MR     +....                    (no amulet)
Stlth  ++........               j - +2 ring of protection
                                r - ring of fire

@: about to teleport, somewhat resistant to hostile enchantments, unstealthy
A: breathe power, unfitting armour, cold-blooded, AC +8
a: Breathe Dispelling Energy, Renounce Religion


You were on level 6 of the Lair of Beasts.
You worshipped Vehumet.
Vehumet was extremely pleased with you.
You were hungry.

You visited 3 branches of the dungeon, and saw 16 of its levels.

You collected 1184 gold pieces.

Inventory:

Hand weapons
 G - a +2 dire flail of freezing
 S - a +2 longbow of flaming
Missiles
 a - 127 stones (quivered)
 p - 201 arrows
Armour
 D - a +2 hat (worn)
 O - a +2 pair of gloves (worn)
 W - a +2 pair of boots (worn)
Magical staves
 F - an uncursed staff of wizardry (weapon)
Jewellery
 j - a +2 ring of protection (right hand)
 r - a ring of fire (left hand)
Magical devices
 c - a wand of cold (2)
 g - a wand of polymorph (16)
 h - a wand of draining (10)
 q - a wand of flame (14)
 w - a wand of hasting (0)
 x - a wand of slowing (22)
 A - a wand of slowing (10)
 B - a wand of confusion (22)
 I - a wand of magic darts (13)
 J - a wand of fireball (3)
 N - a wand of enslavement (10)
 P - a wand of confusion (21)
 V - a wand of cold (6)
 Z - a wand of slowing (8)
Scrolls
 e - 3 scrolls of identify
 t - 8 scrolls of remove curse
 u - 4 scrolls of magic mapping
 C - a scroll of amnesia
 H - a scroll of fog
 K - a scroll of summoning
 L - 4 scrolls of recharging
 R - 2 scrolls of silence
Potions
 b - a potion of brilliance
 d - 5 potions of curing
 k - 2 potions of might
 m - a potion of agility
 s - 6 potions of flight
 v - 2 potions of magic
 z - a potion of beneficial mutation
 T - 2 potions of cancellation {unknown}
 X - 2 potions of degeneration {unknown}
Books
 l - a book of Flames

   Spells                             Type                      Level
   a - Flame Tongue                   Conjuration/Fire             1
   b - Throw Flame                    Conjuration/Fire             2
   c - Conjure Flame                  Conjuration/Fire             3
   d - Inner Flame                    Hexes/Fire                   3
   e - Sticky Flame                   Conjuration/Fire             4
   f - Fireball                       Conjuration/Fire             5
 o - the Handbook of Experimentation
   (You acquired it on level 2 of the Lair of Beasts)

   Spells                             Type                      Level
   a - Magic Dart                     Conjuration                  1
   b - Shock                          Conjuration/Air              1
   c - Venom Bolt                     Conjuration/Poison           5
   d - Irradiate                      Conjuration/Transmutation    5
   e - Iron Shot                      Conjuration/Earth            6
Miscellaneous
 y - a stone of tremors
 Q - a sack of spiders
Comestibles
 f - 10 fruits
 n - 6 chunks of flesh
 E - a bread ration


   Skills:
 + Level 7.8 Fighting
 - Level 7.3 Maces & Flails
 + Level 7.3 Dodging
 - Level 1.7 Stealth
 * Level 13.4 Spellcasting
 + Level 7.5 Conjurations
 + Level 7.3 Transmutations
 + Level 6.1 Fire Magic
 + Level 9.1 Earth Magic
 + Level 3.8 Evocations


You had 4 spell levels left.
You knew the following spells:

 Your Spells              Type           Power        Failure   Level  Hunger
a - Sandblast             Erth           ######       1%          1    None
b - Stoneskin             Trmt/Erth      #####...     1%          2    None
c - Stone Arrow           Conj/Erth      #####.       1%          3    None
d - Passwall              Trmt/Erth      #####.....   1%          3    None
e - Lee's Rapid Deconstr  Erth           ######....   1%          5    ###....
f - Petrify               Trmt/Erth      #####...     1%          4    None
g - Conjure Flame         Conj/Fire      ######..     1%          3    None
h - Ignite Poison         Fire/Trmt/Pois #####...     1%          3    None
i - Sticky Flame          Conj/Fire      ######..     1%          4    None
j - Iron Shot             Conj/Erth      #####.....   3%          6    #####..


Dungeon Overview and Level Annotations

Branches:
Dungeon (9/15)             Temple (1/1) D:4            Lair (6/8) D:9
  Swamp (0/4) Lair:6        Snake (0/4) Lair:3          Orc (0/4) D:9
  Slime: Lair:6-8

Altars:
Ashenzari
Dithmenos
Elyvilon
Fedhas
Kikubaaqudgha
Makhleb
Nemelex Xobeh
Qazlal
Ru
Sif Muna
Trog
Vehumet
Xom
Yredelemnul
The Shining One

Shops:
D:5 %

Annotations:
Lair:3 exclusion: oklob plant
Lair:6 Snorg


Innate Abilities, Weirdness & Mutations

You can breathe bolts of dispelling energy.
Your rich purple scales are hard (AC +8).
Your body does not fit into most forms of armour.
You are cold-blooded and may be slowed by cold attacks.


Message History

Aim: Snorg (heavily wounded, berserk, fast, unusually strong)
The iron shot hits Snorg.
Snorg is severely wounded.
You are feeling hungry.
Snorg bites you. Snorg claws you. Snorg claws you! Snorg closely misses you.
Snorg claws you!
* * * LOW HITPOINT WARNING * * *
Snorg claws you.
* * * LOW HITPOINT WARNING * * *
The river rat bites you but does no damage.
Wield which item (- for none, * to show all)? (? for menu, Esc to quit)
Your +2 dire flail of freezing stops glowing.
F - an uncursed staff of wizardry (weapon)
Snorg bites you!
* * * LOW HITPOINT WARNING * * *
Snorg claws you but does no damage. Snorg closely misses you.
Read which item? (? for menu, Esc to quit)
As you read the scroll of teleportation, it crumbles to dust.
You feel strangely unstable. The river rat bites you!
You die...

........#** #....... .P##......#
#######...... ..P#.P...## ###...#
##..... .....##..##
##.#.P######.... ..PP..#...#
####†#†....#..#....
.....#....#####..#...............
......#...##..#................##
.......#.......[.r...........#.##
......##........@T..............#
......##....÷....................
......P......#####...............
..........P### #.#...........PP
.........P## ####............
........(..## #.#..........
.....##...r.### #####......P##
...#.#.....P#.######.###.#######
#...#....P.(........#.#.##


You could see Snorg (berserk) and a river rat.

Vanquished Creatures
  Kirke (Lair:5)
  Nessos (Lair:5)
  4 hydras
  5 death yaks
  Urug (Lair:2)
  3 griffons
  4 black mambas
  3 elephants (Lair:6)
  9 spiny frogs
  8 komodo dragons
  A fire drake (Lair:4)
  13 blink frogs
  29 yaks
  2 basilisks
  5 hippogriffs
  The ghost of TheHolyPigeon the Cutter, an average HuWn of Trog (D:4)
  7 hogs
  7 wolves
  A sky beast (D:7)
  A naga (Lair:3)
  Duvessa (D:5)
  11 porcupines
  8 water moccasins
  An eye of draining (D:9)
  A necrophage (D:4)
  An orc warrior (D:7)
  2 black bears
  2 phantoms
  4 ice beasts
  5 ogres
  A centaur (D:8)
  6 crocodiles
  24 giant frogs
  3 scorpions
  Dowan (D:5)
  5 wights (D:9)
  A vampire bat (Lair:3)
  A crimson imp (D:5)
  5 electric eels (Lair:1)
  4 jellies
  An orc priest (D:7)
  5 orc wizards
  5 hounds
  Jessica (D:2)
  4 giant frog skeletons
  Terence (D:2)
  9 worker ants
  9 iguanas
  25 sheep
  8 gnolls
  8 adders
  37 river rats
  3 shadow imps
  2 oozes
  2 adder skeletons
  2 worms
  3 giant geckos
  26 orcs
  A ball python (D:1)
  A bat skeleton (D:7)
  2 bat zombies
  21 goblins
  16 hobgoblins
  7 jackals
  5 quokkas
  21 bats
  5 giant cockroaches
  3 giant gecko skeletons
  6 giant newts
  19 kobolds
  18 rats
  A plant (Lair:1)
470 creatures vanquished.

Vanquished Creatures (others)
  34 fungi
  21 plants
55 creatures vanquished.

Grand Total: 525 creatures vanquished

Notes
Turn   | Place    | Note
--------------------------------------------------------------
     0 | D:1      | mrath the Draconian Earth Elementalist began the quest for the Orb.
     0 | D:1      | Reached XP level 1. HP: 14/14 MP: 3/3
   481 | D:1      | Reached XP level 2. HP: 20/20 MP: 3/5
  1229 | D:2      | Reached XP level 3. HP: 22/26 MP: 3/7
  1357 | D:2      | Learned a level 2 spell: Stoneskin
  1361 | D:2      | Learned a level 3 spell: Stone Arrow
  1468 | D:2      | Noticed Jessica
  1490 | D:2      | Killed Jessica
  1681 | D:2      | Reached XP level 4. HP: 33/33 MP: 5/9
  1779 | D:2      | Noticed Terence
  1792 | D:2      | Killed Terence
  2161 | D:2      | Reached skill level 4 in Earth Magic
  2585 | D:3      | Reached XP level 5. HP: 38/38 MP: 11/11
  2597 | D:3      | Learned a level 3 spell: Passwall
  3454 | D:4      | Noticed a necrophage
  3539 | D:4      | Killed a necrophage
  3800 | D:4      | Reached XP level 6. HP: 44/44 MP: 6/13
  3806 | D:4      | Reached skill level 5 in Spellcasting
  4461 | D:4      | Noticed TheHolyPigeon's ghost (average HuWn)
  4502 | D:4      | Killed TheHolyPigeon's ghost
  4502 | D:4      | Reached skill level 5 in Earth Magic
  4805 | D:4      | Noticed an ogre
  4953 | D:4      | Found a staircase to the Ecumenical Temple.
  4959 | Temple   | Entered the Ecumenical Temple
  4978 | Temple   | Became a worshipper of Vehumet
  5086 | D:4      | Killed an ogre
  5086 | D:4      | Reached skill level 6 in Spellcasting
  5086 | D:4      | Reached skill level 7 in Spellcasting
  5086 | D:4      | Your scales start taking on a rich purple colour.
  5086 | D:4      | Reached XP level 7. HP: 49/49 MP: 10/17
  5093 | D:4      | Learned a level 5 spell: Lee's Rapid Deconstruction
  5098 | D:4      | Learned a level 4 spell: Petrify
  5279 | D:4      | Reached skill level 1 in Fighting
  5279 | D:4      | Reached skill level 1 in Maces & Flails
  5553 | D:5      | Entered Level 5 of the Dungeon
  5556 | D:5      | Reached skill level 1 in Conjurations
  5624 | D:5      | Found a glowing golden altar of the Shining One.
  6190 | D:5      | Acquired Vehumet's first power
  6190 | D:5      | Offered knowledge of Flame Tongue by Vehumet.
  6399 | D:5      | Reached skill level 8 in Spellcasting
  6399 | D:5      | Reached XP level 8. HP: 58/58 MP: 14/20
  6744 | D:5      | Found Qeabb's Food Boutique.
  6894 | D:5      | Noticed Dowan
  6896 | D:5      | Noticed Duvessa
  6903 | D:5      | Killed Dowan
  7006 | D:5      | Killed Duvessa
  9543 | D:6      | Offered knowledge of Throw Frost by Vehumet.
 10020 | D:7      | Reached skill level 9 in Spellcasting
 10024 | D:7      | Reached XP level 9. HP: 46/68 MP: 10/22
 11603 | D:8      | Offered knowledge of Conjure Flame by Vehumet.
 11699 | D:8      | Learned a level 3 spell: Conjure Flame
 12316 | D:8      | Found a shimmering altar of Xom.
 12368 | D:8      | Reached skill level 1 in Fire Magic
 12436 | D:8      | Acquired Vehumet's second power
 12754 | D:9      | Found a staircase to the Lair.
 12958 | D:9      | Reached skill level 10 in Spellcasting
 12959 | D:9      | Found a sacrificial altar of Ru.
 13159 | D:9      | Found a staircase to the Orcish Mines.
 13312 | D:9      | Reached XP level 10. HP: 75/80 MP: 14/24
 13690 | D:9      | Offered knowledge of Force Lance by Vehumet.
 14243 | Lair:1   | Entered Level 1 of the Lair of Beasts
 14572 | Lair:1   | HP: 4/80 [komodo dragon (27)]
 14968 | Lair:1   | Reached skill level 5 in Fighting
 15692 | Lair:1   | Reached skill level 5 in Conjurations
 15826 | Lair:1   | Reached skill level 5 in Maces & Flails
 16370 | Lair:1   | Reached skill level 5 in Dodging
 16370 | Lair:1   | Acquired Vehumet's third power
 16826 | Lair:1   | Offered knowledge of Ignite Poison by Vehumet.
 16826 | Lair:1   | Reached XP level 11. HP: 77/88 MP: 25/25
 16831 | Lair:1   | Learned a level 3 spell: Ignite Poison
 17524 | Lair:1   | Reached skill level 11 in Spellcasting
 17971 | Lair:2   | Noticed Urug
 18020 | Lair:2   | Killed Urug
 18020 | Lair:2   | Reached skill level 5 in Transmutations
 19766 | Lair:2   | Learned a level 4 spell: Sticky Flame
 20244 | Lair:2   | Identified a scroll of acquirement
 20245 | Lair:2   | Identified the Handbook of Experimentation (You acquired it on level 2 of the Lair of Beasts)
 20506 | Lair:3   | Found a staircase to the Snake Pit.
 21615 | Lair:4   | Noticed a death yak
 22786 | Lair:4   | Reached XP level 12. HP: 71/96 MP: 18/27
 22995 | Lair:3   | Learned a level 6 spell: Iron Shot
 23003 | Lair:4   | Reached skill level 12 in Spellcasting
 23288 | Lair:4   | Noticed a seven-headed hydra
 23293 | Lair:4   | Killed a seven-headed hydra
 23582 | Lair:4   | Noticed a death yak
 23584 | Lair:4   | Noticed a death yak
 23597 | Lair:4   | Killed a death yak
 23597 | Lair:4   | Offered knowledge of Bolt of Cold by Vehumet.
 23675 | Lair:4   | Noticed a death yak
 23690 | Lair:4   | Noticed a death yak
 23692 | Lair:4   | Killed a death yak
 23799 | Lair:3   | Killed a death yak
 23813 | Lair:3   | Killed a death yak
 23836 | Lair:3   | Killed a death yak
 23836 | Lair:3   | Reached skill level 5 in Fire Magic
 24616 | Lair:5   | Reached skill level 1 in Evocations
 25195 | Lair:5   | Noticed Kirke
 25306 | Lair:5   | Noticed Nessos
 26192 | Lair:5   | Noticed a six-headed hydra
 26196 | Lair:5   | Killed a six-headed hydra
 26897 | Lair:5   | Killed Nessos
 26897 | Lair:5   | Reached skill level 13 in Spellcasting
 26897 | Lair:5   | Reached XP level 13. HP: 94/105 MP: 10/30
 27195 | Lair:5   | Noticed a five-headed hydra
 27198 | Lair:5   | Killed a five-headed hydra
 27341 | Lair:5   | Killed Kirke
 27917 | Lair:6   | Found a staircase to the Swamp.
 28748 | Lair:6   | Noticed Snorg
 29187 | Lair:6   | Offered knowledge of Bolt of Fire by Vehumet.
 30009 | Lair:6   | Slain by a river rat

Vault maps used:
D:1:      dpeg_arrival_windows_large_door
D:2:      lemuel_upstairs_altar, minivault_23, kennysheep_generic_room_15,
          uniq_jessica, uniq_terence
D:4:      temple_green, first_bread, minmay_box_of_dots
D:5:      basic_altar, serial_shops, nicolae_shop_crystal, st_stairs_3,
          grunt_ministairs_13, uniq_duvessa
D:6:      serial_glass, glass_columns_a, glass_columns_a
D:8:      basic_altar, hangedman_tree_tricks, zaba_antful_of_joy
D:9:      old_standard_altar, lair_0_dummy, orc_david_3
Temple:   grunt_circular_temple_18
Lair:1:   statuecave_lemuel, serial_bayou_pond_a, serial_bayou_lake_a
Lair:2:   uniq_urug
Lair:3:   minmay_lair_oklob_items, guppyfry_snake_entry_island, roderic_batcave
Lair:5:   lab_entry_generic, bh_autumn_forest_stairs, uniq_nessos, uniq_kirke
Lair:6:   swamp_mist_pool, uniq_snorg

Action                   |  1- 3 |  4- 6 |  7- 9 | 10-12 | 13-15 || total
-------------------------+-------+-------+-------+-------+-------++-------
Melee: Mace              |       |    55 |   102 |       |       ||   157
       Spear             |       |     9 |       |       |       ||     9
       Flail             |       |     1 |    91 |       |       ||    92
       Dire flail        |       |       |       |    63 |    20 ||    83
       Staff             |       |       |       |     1 |       ||     1
 Fire: Hand crossbow     |       |       |    36 |       |       ||    36
       Shortbow          |       |       |    12 |   303 |       ||   315
       Longbow           |       |       |       |       |    29 ||    29
Throw: Stone             |     1 |     2 |     1 |     4 |       ||     8
       Tomahawk          |       |       |     2 |       |       ||     2
 Cast: Sandblast         |    50 |   109 |   232 |   162 |    13 ||   566
       Stoneskin         |       |     9 |    33 |    27 |     2 ||    71
       Stone Arrow       |       |       |    12 |    41 |     1 ||    54
       Petrify           |       |       |     2 |     3 |       ||     5
       Lee's Rapid Decon |       |       |     2 |    24 |     2 ||    28
       Conjure Flame     |       |       |     1 |     7 |       ||     8
       Sticky Flame      |       |       |       |    70 |    27 ||    97
       Ignite Poison     |       |       |       |     3 |       ||     3
       Iron Shot         |       |       |       |    54 |    39 ||    93
       Passwall          |       |       |       |     3 |       ||     3
Evoke: Wand              |       |       |       |    18 |     4 ||    22
  Use: Scroll            |     4 |     5 |     6 |    27 |     6 ||    48
       Potion            |       |     3 |     1 |     9 |     1 ||    14
 Stab: Sleeping          |       |     2 |       |       |       ||     2
  Eat: Chunk             |     2 |     2 |     9 |    13 |     9 ||    35
       Bread ration      |     1 |     1 |       |     7 |     1 ||    10
       Royal jelly       |       |       |     2 |     1 |       ||     3
       Meat ration       |       |       |     2 |     2 |     1 ||     5
       Beef jerky        |       |       |     3 |     2 |     1 ||     6
       Fruit             |       |       |       |     2 |       ||     2
       Pizza             |       |       |       |     2 |       ||     2
